 Dungeon Crawl Stone Soup version 0.27.1-33-g824d729ab1 (webtiles) character file.

Game seed: 4864352482968573920

40 hypoxyphilia the Unweaver (level 3, -8/29 HPs)
             Began as a Demonspawn Abyssal Knight on Nov 9, 2021.
             Was a Follower of Lugonu.
             Mangled by Sigmund (10 damage)
             ... on level 3 of the Dungeon on Dec 25, 2021.
             The game lasted 00:25:47 (2574 turns).

hypoxyphilia the Unweaver (DsAK)                    Turns: 2574, Time: 00:25:48

Health: -8/29      AC:  3    Str: 13    XL:     3   Next: 30%
Magic:  5/5        EV: 11    Int: 13    God:    Lugonu [*.....]
Gold:   50         SH:  0    Dex: 14    Spells: 2/2 levels left

rFire    . . .     SeeInvis .   a - +1 short sword
rCold    . . .     Faith    .   (no shield)
rNeg     . . .     Spirit   .   b - +0 leather armour
rPois    .         Reflect  .   (no helmet)
rElec    .         Harm     .   (no cloak)
rCorr    .         Rampage  .   (no gloves)
Will     +....                  (no boots)
Stlth    ++........             (no amulet)
HPRegen  0.09/turn              k - ring of willpower
MPRegen  0.18/turn              o - ring of wizardry

@: no status effects
A: thin skeletal structure 1, magic regeneration
a: Renounce Religion, Depart the Abyss


You were on level 3 of the Dungeon.
You worshipped Lugonu.
Lugonu was aware of your devotion.
You visited 1 branch of the dungeon, and saw 3 of its levels.
You visited the Abyss 1 time.

You collected 50 gold pieces.

Inventory:

Hand Weapons
 a - a +1 short sword (weapon)
 n - a +0 hunting sling
Missiles
 g - 27 stones (quivered)
Armour
 b - a +0 leather armour (worn)
Magical Staves
 d - a staff of poison
Jewellery
 k - a ring of willpower (left hand)
 o - a ring of wizardry (right hand)
Scrolls
 c - 2 scrolls of identify {unknown}
Potions
 e - a potion of berserk rage {unknown}
 f - 2 potions of heal wounds {unknown}
 h - 2 potions of curing {unknown}
 i - a potion of invisibility {unknown}
 j - a potion of flight {unknown}
 l - a potion of mutation {unknown}
 m - a potion of cancellation {unknown}


   Skills:
 * Level 3.3 Fighting
 - Level 2.1 Short Blades
 + Level 2.0 Armour
 + Level 1.0 Dodging
 - Level 0.4 Stealth
 + Level 3.3 Invocations


You had 2 spell levels left.
You didn't know any spells.
Your spell library contained the following spells:

 Spells                   Type           Power      Damage    Failure   Level
 Passwall                 Tmut/Erth      0%         N/A       24%         2
 Dazzling Flash           Conj/Hex       0%         N/A       41%         3
 Swiftness                Air            0%         N/A       41%         3
 Agony                    Necr           0%         N/A       98%         5
 Silence                  Hex/Air        0%         N/A       98%         5
 Invisibility             Hex            0%         N/A       100%        6


Dungeon Overview and Level Annotations

Branches:
Dungeon (3/15)

Altars:
Dithmenos

Annotations:
D:2 exclusion: adder
D:3 Ijyb, Sigmund


Innate Abilities, Weirdness & Mutations

You have a somewhat thin skeletal structure. (Dex +2, Stealth+)
You regenerate magic rapidly.


Message History

Press: ? - help, Q - select action, (/) - cycle Shift-Dir - straight line, f - rat
Aim: a rat (wandering, hasn't noticed you, 59% to hit)
You throw a stone. The stone closely misses the rat.
Unknown command.
You hit the rat.
You kill the rat!
Lugonu accepts your kill.
You see here a rat corpse.
A goblin comes into view. It is wielding a +0 dagger.
Throw: 28 stones
Press: ? - help, Q - select action, (/) - cycle Shift-Dir - straight line, f - goblin
Aim: a goblin, wielding a +0 dagger (asleep, 98% to hit)
You throw a stone.
The stone hits the goblin but does no damage.
You closely miss the goblin. The goblin hits you but does no damage.
You hit the goblin but do no damage. The goblin hits you with a +0 dagger.
You hit the goblin.
You kill the goblin!
Lugonu accepts your kill.
Things that are here:
a +0 dagger; a goblin corpse You see here a rat corpse.
Sigmund the Dreaded comes into view.
He is wielding a +0 scythe and carrying a wand of flame (14).
Sigmund shouts!
Sigmund zaps a wand.
The puff of flame hits you.
The gnoll shouts!
You hear a shout!
The gnoll throws a stone.
The stone hits you.
The gnoll throws a stone.
The stone closely misses you.
The gnoll throws a stone.
The stone barely misses you.
The gnoll throws a stone.
The stone hits you.
Sigmund zaps a wand.
The puff of flame hits you. Sigmund gestures at you while chanting.
The puff of flame hits you!
* * * LOW HITPOINT WARNING * * *
Sigmund zaps a wand.
The puff of flame misses you. Sigmund casts a spell at you.
You resist with almost no effort.
The gnoll throws a stone.
The stone closely misses you.
Sigmund hits you from afar with a +0 scythe!
You die...

####### .......#######
#....@.....##
####.....#..#
##############@....#
#..@.....@.........#
#.######....##.....## #.#
###.(...####g#
#####.########..##.#....#
.....................####
.............(....gg##


You could see Sigmund and a gnoll.

Vanquished Creatures
  A worm (D:2)
  A dart slug (D:1)
  2 endoplasms
  3 giant cockroaches
  7 goblins
  2 hobgoblins (D:3)
  4 quokkas
  2 bats
  A frilled lizard (D:2)
  7 kobolds
  A rat (D:3)
31 creatures vanquished.

Vanquished Creatures (others)
  3 plants (D:3)
3 creatures vanquished.

Grand Total: 34 creatures vanquished

Notes
Turn   | Place    | Note
-------+----------+-------------------------------------------
     0 | Abyss:1  | hypoxyphilia the Demonspawn Abyssal Knight began the quest
                  | for the Orb.
     0 | Abyss:1  | Reached XP level 1. HP: 18/18 MP: 2/2
    92 | Abyss:1  | Noticed a ynoxinul
    93 | Abyss:1  | Noticed a smoke demon
    94 | D:1      | Escaped the Abyss
   104 | D:1      | Upgraded the game from 0.27.1-4-g1640c2035a to
                  | 0.27.1-33-g824d729ab1
   575 | D:1      | Gained mutation: You have a somewhat thin skeletal
                  | structure. (Dex +2, Stealth+) [demonic ancestry]
   575 | D:1      | Reached XP level 2. HP: 21/24 MP: 2/4
  1125 | D:2      | Reached * piety under Lugonu
  1513 | D:2      | Found a shadowy altar of Dithmenos.
  1944 | D:2      | Gained mutation: You regenerate magic rapidly. [demonic
                  | ancestry]
  1944 | D:2      | Reached XP level 3. HP: 19/29 MP: 5/5
  2330 | D:3      | Reached skill level 1 in Dodging
  2373 | D:3      | Noticed Ijyb
  2543 | D:3      | Noticed Sigmund
  2574 | D:3      | Mangled by Sigmund

Illustrated notes

Levels and vault maps discovered:
D:1:      lemuel_arrival_tunnels, layout_basic, chequers_hall_statues_y
D:2:      layout_basic, basic_altar
D:3:      layout_rooms, amcnicky_altar_gilded, tso_oasis_becter,
          cheibrodos_gnoll_hut, uniq_crazy_yiuf_cottage, uniq_ijyb, uniq_sigmund

Skill      XL: |  1  2  3 |
---------------+----------+-----
Short Blades   | 2 |  2.1
Invocations    | 3 |  3.3
Armour         | 2 |  2.0
Dodging        | 1 |  1.0
Fighting       | |  3.3
Stealth        | |  0.4

Action                   || total
-------------------------++-------
Melee: Short sword       ||   104
 Fire: Hunting sling     ||     5
Throw: Stone             ||    14
Invok: Depart the Abyss  ||     1
 Stab: Sleeping          ||     2
Armor: Leather armour    ||    19
Dodge: Dodged            ||    52
